 Dungeon Crawl Stone Soup version 0.28-b1-1-g3c77fb2ed1 (webtiles) character file.

Game seed: 93719032491316633

538 cayde69 the Chopper (level 7, -9/61 HPs)
             Began as a Hill Orc Fighter on Jan 29, 2022.
             Was a Follower of Beogh.
             Killed by divine providence
             ... invoked by an orc priest
              (13 damage)
             ... on level 4 of the Dungeon.
             The game lasted 00:12:53 (3459 turns).

cayde69 the Chopper (Hill Orc Fighter)              Turns: 3459, Time: 00:12:54

Health: -9/61      AC: 18    Str: 21    XL:     7   Next: 26%
Magic:  10/10      EV:  5    Int:  8    God:    Beogh [*.....]
Gold:   111        SH:  8    Dex: 10    Spells: 10/10 levels left

rFire   . . .      SeeInvis .   a - +0 war axe
rCold   . . .      Faith    .   u - +0 kite shield
rNeg    . . .      Spirit   .   s - +0 crystal plate armour
rPois   .          Reflect  .   (no helmet)
rElec   .          Harm     .   (no cloak)
rCorr   .          Rampage  .   o - +1 pair of gloves
Will    .....                   (no boots)
Stlth   ..........              (no amulet)
HPRegen 0.20/turn               j - +4 ring of evasion
MPRegen 0.12/turn               (no ring)

@: no status effects
A: no striking features
a: Renounce Religion


You were on level 4 of the Dungeon.
You worshipped Beogh.
Beogh was aware of your devotion.
You visited 1 branch of the dungeon, and saw 4 of its levels.
You also visited: Ossuary.

You collected 111 gold pieces.

Inventory:

Hand Weapons
 a - a +0 war axe (weapon)
 f - a +0 hunting sling
Missiles
 g - 98 stones (quivered)
 l - 5 silver javelins
Armour
 b - a +0 scale mail
 c - a +0 buckler
 i - the +4 robe of the Imp {Int+4}
   (You found it on level 2 of the Dungeon)

   Int:       It affects your intelligence (+4).
 o - a +1 pair of gloves (worn)
 s - a +0 crystal plate armour (worn)
 u - a +0 kite shield (worn)
Jewellery
 j - a +4 ring of evasion (left hand)
 t - a ring of protection from cold
Scrolls
 d - a scroll of amnesia {unknown}
 e - a scroll of fear {unknown}
 k - 2 scrolls of vulnerability
 m - 4 scrolls of identify
 n - a scroll of teleportation {unknown}
 p - a scroll of summoning {unknown}
 q - a scroll of brand weapon {unknown}
 r - a scroll of magic mapping {unknown}
 x - a scroll of torment {unknown}
 y - a scroll of blinking {unknown}
Potions
 h - 3 potions of attraction {unknown}
 v - 3 potions of curing {unknown}
 w - a potion of heal wounds {unknown}
 z - a potion of might
 A - a potion of degeneration {unknown}
 B - 2 potions of lignification {unknown}


   Skills:
 + Level 5.0 Fighting
 + Level 6.6 Axes
 + Level 3.9 Armour
 + Level 1.2 Dodging
 + Level 0.4 Stealth
 + Level 4.1 Shields
 * Level 2.3 Spellcasting


You had 10 spell levels left.
You didn't know any spells.
Your spell library contained the following spells:

 Spells                   Type           Power      Damage    Failure   Level
 Sting                    Tmut/Pois      0%         1d3       100%        1
 Poisonous Vapours        Pois/Air       0%         N/A       100%        2
 Hailstorm                Conj/Ice       0%         3d3       100%        4
 Ice Form                 Ice/Tmut       0%         N/A       100%        4
 Olgreb's Toxic Radiance  Pois           0%         N/A       100%        4
 Fireball                 Conj/Fire      0%         3d3       100%        5
 Iskenderun's Battlesphe  Conj           0%         2d6       100%        5
 Conjure Ball Lightning   Conj/Air       0%         3x3d6     100%        6
 Simulacrum               Ice/Necr       0%         N/A       100%        6
 Orb of Destruction       Conj           0%         9d5       100%        7


Dungeon Overview and Level Annotations

Branches:
Dungeon (4/15)            Ossuary (visited)
 Temple: D:4-7

Altars:

Shops:
D:1 !


Message History

Found a scale mail.
g - 98 stones (gained 15)
An orc priest comes into view. It is wielding a +0 flail.
The orc priest shouts!
The orc priest calls down the wrath of Beogh upon you.
Beogh smites you!
You hear a shout! x2
An orc priest is nearby!
An orc priest comes into view. It is wielding a +0 club.
You hear a shout!
An orc comes into view. It is wielding a +0 flail.
An orc comes into view. It is wielding a +0 club.
The orc priest miscasts a cantrip.
Okay, then.
Okay, then.
Found a green potion.
Found a stone staircase leading down.
The orc priest mumbles some strange prayers to Beogh against you.
Pain shoots through your body!
The orc priest hits you but does no damage.
You don't know any spells.
What are your orders? t - Shout!
Orders for allies: a - Attack new target. r - Retreat! s - Stop attacking. g - Guard the area. f - Follow me.
Anything else - Cancel.
Stop fighting!
The orc priest hits you with a +0 flail.
The orc priest invokes the aid of Beogh against you.
Pain shoots through your body!
The orc priest mumbles some strange prayers to Beogh against you.
Beogh smites you!
* * * LOW HITPOINT WARNING * * *
The orc priest calls down the wrath of Beogh upon you.
Beogh smites you!
* * * LOW HITPOINT WARNING * * *
The orc priest mumbles some strange prayers to Beogh against you.
Beogh smites you!
You die...
Beogh appreciates the orc priest's killing of a heretic priest.

#........ .....
#.......# ...# ##
#.....!.# o(....> #
#.......##.#.....
##.#.......o.......!
..............######
######
###.......####
...... ####.#.o#
.### #.#.@# ...#
#.#..#### ##.#
#.#..#.. #.#
#.#..#.# #.####
#.#.[#.# #....#
#......######
#####.####
##..........#
#........#
#..###.###.#
†.....##.# #..# #.#
#.#


You could see an orc priest and an orc.

Vanquished Creatures
  A wraith (Ossuary)
  2 black bears (D:4)
  A hound (D:3)
  A mummy (Ossuary)
  3 adders (D:4)
  A worm zombie (D:4)
  2 worms
  5 dart slugs
  7 orcs
  6 endoplasms
  4 giant cockroaches
  10 goblins
  5 hobgoblins
  6 jackals
  7 kobolds
  6 quokkas
  8 ball pythons
  6 bats
  3 frilled lizards
  3 gnoll skeletons (Ossuary)
  7 kobold skeletons (Ossuary)
  15 orc skeletons (Ossuary)
  6 rats
115 creatures vanquished.

Notes
Turn   | Place    | Note
-------+----------+-------------------------------------------
     0 | D:1      | cayde69 the Hill Orc Fighter began the quest for the Orb.
     0 | D:1      | Reached XP level 1. HP: 19/19 MP: 1/1
   151 | D:1      | Found Coc Och's Distillery.
   153 | D:1      | Reached XP level 2. HP: 27/27 MP: 2/2
   357 | D:1      | Reached XP level 3. HP: 31/33 MP: 4/4
   549 | D:1      | Reached skill level 1 in Spellcasting
   773 | D:2      | Found a faded altar of an unknown god.
   793 | D:2      | Reached skill level 3 in Axes
   885 | D:2      | Identified the +4 robe of the Imp {Int+4}
   900 | D:2      | You fall into a shaft and drop 1 floor!
  1129 | D:3      | Reached XP level 4. HP: 40/40 MP: 5/5
  1517 | D:3      | Reached skill level 4 in Axes
  1517 | D:3      | Reached skill level 1 in Dodging
  1692 | D:3      | Reached XP level 5. HP: 35/46 MP: 7/7
  1926 | D:3      | Became a worshipper of Beogh the Brigand
  2898 | D:4      | Found a sand-covered staircase.
  2945 | D:4      | Noticed a black bear
  2958 | D:4      | Killed a black bear
  2959 | D:4      | Reached skill level 5 in Axes
  2959 | D:4      | Reached XP level 6. HP: 39/53 MP: 8/8
  3001 | D:4      | Noticed a black bear
  3010 | D:4      | Killed a black bear
  3145 | Ossuary  | Entered an ossuary
  3145 | Ossuary  | Noticed a wraith
  3145 | Ossuary  | Noticed a wraith
  3145 | Ossuary  | Noticed a wraith
  3202 | Ossuary  | Reached * piety under Beogh
  3275 | Ossuary  | Noticed a wraith
  3290 | Ossuary  | Killed a wraith
  3291 | Ossuary  | Reached skill level 5 in Fighting
  3291 | Ossuary  | Reached skill level 6 in Axes
  3291 | Ossuary  | Reached XP level 7. HP: 40/61 MP: 10/10
  3459 | D:4      | Killed from afar by an orc priest

Illustrated notes

Levels and vault maps discovered:
D:1:      psy_arrival_whirlpool, layout_basic, serial_shops,
          nicolae_diamond_shop
D:2:      layout_loops_ring, shapermc_ecumenical_altar_starsandcircs,
          chequers_serial_rivers_small_b
D:3:      minmay_razor_zed, layout_loops_ring
D:4:      layout_loops_ring, enter_ossuary_3, kennysheep_another_room

Skill      XL: |  1  2  3  4  5  6 |
---------------+-------------------+-----
Spellcasting   | 1 2 |  2.3
Axes           | 3 4 5 6 |  6.6
Fighting       | 4 5 |  5.0
Dodging        | 1 |  1.2
Shields        | 4 |  4.1
Armour         | |  3.9
Stealth        | |  0.4

Action                   |  1- 3 |  4- 6 |  7- 9 || total
-------------------------+-------+-------+-------++-------
Melee: War axe           |    85 |   196 |       ||   281
Invok: Convert to Beogh  |       |     1 |       ||     1
  Use: Potion            |       |     2 |       ||     2
       Scroll            |       |     1 |       ||     1
 Stab: Distracted        |       |     1 |       ||     1
Armor: Scale mail        |    26 |       |       ||    26
       Robe              |    11 |    31 |       ||    42
       Crystal plate arm |       |    79 |     1 ||    80
Dodge: Dodged            |    46 |   113 |       ||   159
Block: Buckler           |    18 |    33 |       ||    51
       Kite shield       |       |    44 |       ||    44
